 Dungeon Crawl Stone Soup version 0.29.0-4-gdea44cf6ec (webtiles) character file.

Game seed: 6546712463964470447

78 qw the Chopper (level 4, -2/28 HPs)
             Began as a Gargoyle Fighter on Sept 10, 2022.
             Slain by Sigmund
             ... wielding a +0 scythe
              (5 damage)
             ... on level 3 of the Dungeon.
             The game lasted 00:00:49 (1932 turns).

qw the Chopper (Gargoyle Fighter)                   Turns: 1932, Time: 00:00:49

Health: -2/28      AC:  7    Str: 21    XL:     4   Next: 36%
Magic:  4/4        EV: 17    Int:  9    God:
Gold:   37         SH:  0    Dex:  9    Spells: 3/3 levels left

rFire   + + .      SeeInvis .   (weapon currently unavailable)
rCold   + + .      Faith    .   (shield currently unavailable)
rNeg    + + +      Spirit   .   (body armour currently unavailable)
rPois   inf        Reflect  .   (helmet currently unavailable)
rElec   +          Harm     .   (cloak currently unavailable)
rCorr   +          Rampage  .   (gloves currently unavailable)
Will    .....                   (boots currently unavailable)
Stlth   +.........              (amulet currently unavailable)
HPRegen 0.09/turn               (ring currently unavailable)
MPRegen 0.09/turn               (ring currently unavailable)

@: wisp-form (expiring), flying
A: insubstantial, flying, no casting, sickness immunity, AC +3, tiny, negative
energy resistance 1, (electricity resistance), torment resistance 1,
petrification resistance
a: no special abilities


You were on level 3 of the Dungeon.
You were an insubstantial wisp.
You visited 1 branch of the dungeon, and saw 3 of its levels.

You collected 37 gold pieces.


Innate Abilities, Weirdness & Mutations

You are an insubstantial wisp.
Your tiny insubstantial body is highly resistant to most damage types.
You are flying.
Your equipment is entirely melded.
You are incapable of wielding weapons or throwing items.
You cannot cast spells.
You are immune to sickness and miasma.
((Your stone body is resilient. (AC +3)))
You are immune to poison.
You resist negative energy. (rN+)
((You are resistant to electric shocks. (rElec)))
You are resistant to unholy torment.
You are immune to petrification.


   Skills:
 - Level 3.2 Fighting
 + Level 3.8 Axes
 - Level 1.0 Throwing
 - Level 3.2 Armour
 - Level 3.2 Shields


You had 3 spell levels left.
You didn't know any spells.
Your spell library was empty.

Inventory:

Hand Weapons
 i - a +0 whip
 Y - a +0 war axe (melded)
Missiles
 j - 3 silver javelins
 l - 6 javelins
Armour
 c - a +0 buckler (melded)
 k - a +0 chain mail (melded)
 m - a +2 cloak (melded)
Scrolls
 a - 3 scrolls of identify
 b - a scroll of teleportation
 n - a scroll of vulnerability {unknown}
Potions
 d - a potion of might
 e - a potion of lignification {unknown}
 f - a potion of mutation {unknown}
 h - a potion of flight {unknown}

Dungeon Overview and Level Annotations

Branches:
Dungeon (3/15)

Altars:

Shops:
D:1 =   D:2 (

Annotations:
D:3 Sigmund


Message History

You stop sporulating.
Your +0 war axe unmelds from your body.
Your +2 cloak unmelds from your body.
Your +0 buckler unmelds from your body.
Your +0 chain mail unmelds from your body.
Something hits you but does no damage.
You swing at nothing.
You hear a zap.
You turn into an insubstantial wisp.
Your +0 war axe melds into your body.
Your +2 cloak melds into your body.
Your +0 buckler melds into your body.
Your +0 chain mail melds into your body.
You swing at nothing.
Something hits you.
You swing at nothing.
Something hits you but does no damage.
You swing at nothing.
You swing at nothing.
Something hits you.
You swing at nothing.
You swing at nothing.
Something hits you.
You swing at nothing.
Something barely misses you.
You swing at nothing.
You swing at nothing.
Something completely misses you.
You swing at nothing.
You swing at nothing.
A magic dart appears from out of thin air!
The magic dart hits you.
You swing at nothing.
Something barely misses you.
You swing at nothing.
Something barely misses you.
You swing at nothing.
Your transformation is almost over.
You swing at nothing.
Something hits you but does no damage.
You swing at nothing.
Something hits you.
You die...

## ######.#
#....v.#
#.####.# ##
#.# {#
.##### #.#
.# .....#
#.# .#
.###.#####
#.# .# .#
#.....# #.#
.# .#
#####.#
#.####.# .##
###.###...[#


There were no monsters in sight!

Vanquished Creatures
  2 adders (D:2)
  2 dart slugs
  10 ball pythons
  An endoplasm (D:3)
  2 giant cockroaches
  10 goblins
  4 hobgoblins
  6 bats
  2 frilled lizards
  10 kobolds
  8 rats
57 creatures vanquished.

Notes
Turn   | Place    | Note
-------+----------+-------------------------------------------
     0 | D:1      | qw the Gargoyle Fighter began the quest for the Orb.
     0 | D:1      | Reached XP level 1. HP: 14/14 MP: 1/1
     0 | D:1      | 0 ||| qw: Version: 0.1-a-113-g051387a
     0 | D:1      | 0 ||| qw: Game counter: 7372
     0 | D:1      | 0 ||| qw: Always use a shield: true
     0 | D:1      | 0 ||| qw: God list: Okawaru
     0 | D:1      | 0 ||| qw: Allow faded altars: false
     0 | D:1      | 0 ||| qw: Do Orc after D:15 true
     0 | D:1      | 0 ||| qw: Do second Lair branch before Depths: true
     0 | D:1      | 0 ||| qw: Lair rune preference: random
     0 | D:1      | 0 ||| qw: Plans: Normal, Zot, God:TSO, Crypt, Tomb, Zig,
                  | Orb
     0 | D:1      | 0 ||| PLANNING D:1-11
    72 | D:1      | Found a faded altar of an unknown god.
   226 | D:1      | Reached XP level 2. HP: 19/19 MP: 2/2
   262 | D:1      | Found Dafies's Jewellery Shoppe.
   283 | D:1      | 283 ||| SHOPLISTING +4 ring of evasion (468 gold, have 0).
   283 | D:1      | 283 ||| SHOPLISTING +6 ring of dexterity (468 gold, have
                  | 0).
   283 | D:1      | 283 ||| SHOPLISTING amulet of the acrobat (390 gold, have
                  | 0).
   283 | D:1      | 283 ||| SHOPLISTING ring "Hewi" {Contam rElec rF+ Int+8
                  | SInv} (707 gold, have 0).
   283 | D:1      | 283 ||| SHOPLISTING ring of fire (325 gold, have 0).
   283 | D:1      | 283 ||| SHOPLISTING ring of protection from fire (325 gold,
                  | have 0).
   283 | D:1      | 283 ||| SHOPLISTING ring of resist corrosion (260 gold,
                  | have 0).
   354 | D:1      | 354 ||| Stepping ~*~*~tactically~*~*~ (stealth).
   359 | D:1      | 359 ||| Stepping ~*~*~tactically~*~*~ (hiding).
   366 | D:1      | Reached skill level 3 in Axes
   368 | D:1      | Reached XP level 3. HP: 21/23 MP: 3/3
   389 | D:1      | 389 ||| DROPPING +0 club.
   834 | D:1      | 834 ||| UPGRADING to +0 chain mail.
   844 | D:1      | 844 ||| DROPPING +0 scale mail.
   845 | D:1      | 845 ||| READING 2 scrolls labelled OLYWNO MEFEAR.
   901 | D:2      | 901 ||| Stepping ~*~*~tactically~*~*~ (hiding).
  1146 | D:2      | Found Baolaun's Weapon Boutique.
  1155 | D:2      | Reached skill level 1 in Throwing
  1203 | D:2      | 1203 ||| SHOPLISTING +1 broad axe of freezing (198 gold,
                  | have 0).
  1203 | D:2      | 1203 ||| SHOPLISTING +1 hand axe of flaming (173 gold, have
                  | 0).
  1222 | D:2      | 1222 ||| Stepping ~*~*~tactically~*~*~ (stealth).
  1270 | D:2      | Reached XP level 4. HP: 28/28 MP: 4/4
  1685 | D:2      | 1685 ||| UPGRADING to +2 cloak.
  1690 | D:2      | 1690 ||| READING 2 scrolls labelled ICAEPLUOMO.
  1695 | D:2      | 1695 ||| DRINKING 2 brown potions.
  1895 | D:3      | Noticed Sigmund
  1907 | D:3      | 1907 ||| DRINKING potion of curing.
  1907 | D:3      | 1907 ||| (to cure confusion)
  1922 | D:3      | HP: 5/28 [something (4)]
  1927 | D:3      | HP: 3/28 [something/magic dart (3)]
  1932 | D:3      | Slain by Sigmund

Levels and vault maps discovered:
D:1:      evilmike_arrival_plus, layout_loops_ring, serial_shops, shop,
          basic_ecumenical_altar
D:2:      layout_loops_cross, serial_shops, nicolae_shop_waterfront
D:3:      layout_basic, hellmonk_ghost_happy_afterlife, minivault_27,
          minmay_quantized, uniq_sigmund

Skill      XL: |  1  2  3 |
---------------+----------+-----
Axes           | 2 3 |  3.8
Throwing       | 1 |  1.0
Fighting       | |  3.2
Armour         | |  3.2
Shields        | |  3.2

Action                   |  1- 3 |  4- 6 || total
-------------------------+-------+-------++-------
Melee: War axe           |    94 |    15 ||   109
Throw: Javelin           |    10 |     6 ||    16
  Use: Scroll            |     1 |     1 ||     2
       Potion            |       |     2 ||     2
Armor: Scale mail        |    37 |       ||    37
       Chain mail        |    23 |    11 ||    34
       Skin              |       |     4 ||     4
Dodge: Dodged            |    31 |     7 ||    38
Block: Buckler           |    12 |     5 ||    17

Table legend:
 A = Non-vault XP
 B = Vault XP
 C = Vault XP percentage of total XP
 D = Non-vault monster count
 E = Vault monster count
 F = Vault count percentage of total count
                 A         B        C        D         E       F
            +---------+---------+-------+---------+---------+-------
      Total |     112 |       0 |   0.0 |      57 |       0 |   0.0
            +---------+---------+-------+---------+---------+-------
        D:1 |      43 |       0 |   0.0 |      27 |       0 |   0.0
        D:2 |      62 |       0 |   0.0 |      26 |       0 |   0.0
        D:3 |       7 |       0 |   0.0 |       4 |       0 |   0.0
            +---------+---------+-------+---------+---------+-------
